 Dungeon Crawl Stone Soup version 0.30.1-4-g462c640d31 (webtiles) character file.

Game seed: 529098694847439753

2828 kingsuperguy the Covert (level 9, -9/46 HPs)
             Began as a Spriggan Warper on Aug 29, 2023.
             Was a Believer of Vehumet.
             Mangled by a two-headed ogre
             ... wielding a +0 giant spiked club
              (15 damage)
             ... on level 9 of the Dungeon on Aug 30, 2023.
             The game lasted 00:37:29 (8268 turns).

kingsuperguy the Covert (Spriggan Warper)           Turns: 8268, Time: 00:37:29

Health: -9/46      AC:  5    Str: 15    XL:     9   Next: 45%
Magic:  9/15       EV: 20    Int: 13    God:    Vehumet [**....]
Gold:   220        SH:  5    Dex: 12    Spells: 6/15 levels left

rFire   . . .        n - +2 dagger (venom)
rCold   . . .        (no shield)
rNeg    + . .        b - +0 robe
rPois   .            (helmet restricted)
rElec   .            A - +2 cloak
rCorr   .            (gloves unavailable)
SInv    +            (boots unavailable)
Will    +....        x - amulet of reflection
Stlth   ++++         z - +4 ring of slaying
HPRegen 0.27/turn    f - ring of positive energy
MPRegen 0.14/turn

%: reflection
@: very quick
A: very small, no large weapons, unfitting armour, see invisible, speed 3,
clumsy 1, strong 1
a: Renounce Religion


You were on level 9 of the Dungeon.
You worshipped Vehumet.
Vehumet was pleased with you.
You visited 1 branch of the dungeon, and saw 9 of its levels.

You collected 484 gold pieces.
You spent 264 gold pieces at shops.

Inventory:

Hand Weapons
 a - a +0 short sword
 m - a +2 short sword of freezing
 n - a +2 dagger of venom (weapon)
 D - a +4 dagger
 H - a +0 dagger of speed
Missiles
 d - 2 boomerangs of dispersal (quivered)
 K - 2 throwing nets
Armour
 b - a +0 robe (worn)
 t - a +0 helmet
 A - a +2 cloak (worn)
 E - a +0 tower shield
Jewellery
 f - a ring of positive energy (right hand)
 x - an amulet of reflection (around neck)
 z - a +4 ring of slaying (left hand)
Wands
 G - a wand of digging (1)
 I - a wand of polymorph (4)
Scrolls
 c - a scroll of blinking
 e - a scroll of magic mapping {unknown}
 l - 3 scrolls of fear {unknown}
 p - a scroll of noise {unknown}
 q - a scroll of amnesia {unknown}
 r - 2 scrolls of poison {unknown}
 s - a scroll of immolation {unknown}
 v - 2 scrolls of teleportation {unknown}
 y - a scroll of fog {unknown}
 B - 4 scrolls of identify {unknown}
 C - a scroll of summoning {unknown}
 F - 2 scrolls of enchant weapon
 J - a scroll of vulnerability {unknown}
Potions
 g - a potion of attraction {unknown}
 h - 3 potions of resistance {unknown}
 i - 8 potions of curing
 j - 5 potions of degeneration {unknown}
 k - a potion of ambrosia {unknown}
 o - 5 potions of berserk rage {unknown}
 u - 2 potions of heal wounds
 w - a potion of brilliance {unknown}


   Skills:
 + Level 4.9 Fighting
 + Level 7.8 Short Blades
 + Level 1.5 Throwing
 + Level 8.2 Dodging
 + Level 8.4 Stealth
 + Level 2.4 Shields
 + Level 3.6 Spellcasting
 + Level 6.1 Translocations


You had 6 spell levels left.
You knew the following spells:

 Your Spells              Type           Power      Damage    Failure   Level
a - Freeze                Ice            8%         1d3       22%         1
b - Blink                 Tloc           36%        N/A       2%          2
c - Teleport Other        Tloc           18%        N/A       5%          3
d - Vhi's Electric Charg  Tloc/Air       20%        N/A       19%         3

Your spell library contained the following spells:

 Spells                   Type           Power      Damage    Failure   Level
 Ignite Poison            Fire/Tmut/Pois 2%         N/A       54%         3
 Apportation              Tloc           36%        N/A       1%          1
 Lesser Beckoning         Tloc           36%        N/A       2%          2
 Manifold Assault         Tloc           18%        N/A       17%         4
 Magic Dart               Conj           8%         1d3       22%         1
 Searing Ray              Conj           4%         2d4       32%         2
 Fulminant Prism          Conj/Hex       1%         3d5       91%         4
 Alistair's Intoxication  Tmut/Pois      1%         N/A       99%         5


Dungeon Overview and Level Annotations

Branches:
Dungeon (9/15)
 Temple: D:4-7         Lair: D:8-11         Orc: D:9-12

Altars:
Ashenzari
Dithmenos
Qazlal
Vehumet

Shops:
D:1 [   D:5 !   D:6 *

Annotations:
D:7 2 transporters, Maggie


Innate Abilities, Weirdness & Mutations

You are very small and have problems with some larger weapons.
You are too small for most types of armour.
You have supernaturally acute eyesight. (SInv)
You cover ground extremely quickly. (Speed+++)
You are clumsy. (Dex -2)
Your muscles are strong. (Str +4, Int/Dex -1)


Message History

You hit the orc priest.
You kill the orc priest!
Vehumet accepts your kill.
Things that are here:
a +0 whip; a +0 leather armour; an orc corpse You start resting.
Magic restored.
Things that are here:
a +0 whip; a +0 leather armour; an orc corpse
Things that are here:
a +0 dagger; a +0 robe; an orc corpse
There is an open door here.
Items here: )) [[ ††.
You see here a +0 dagger.
You see here a +0 dagger.
Casting: Vhi's Electric Charge (dangerous; 19% risk of failure)
Confirm with . or Enter, or press ? or * to list all spells.
Charge where?
Press: ? - help, Dir - move target, f - two-headed ogre
Aim: a two-headed ogre, wielding a +0 giant spiked club and a +0 giant club (wandering, hasn't noticed you, 95% to hit)
You charge forward with an electric crackle!
The two-headed ogre shouts in stereo!
You hit the two-headed ogre and electrocute it.
The two-headed ogre is lightly wounded.
The two-headed ogre hits you with a +0 giant spiked club!
The two-headed ogre misses you.
You see here a +0 dagger.
Casting: Vhi's Electric Charge (dangerous; 19% risk of failure)
Confirm with . or Enter, or press ? or * to list all spells.
Charge where?
Press: ? - help, Dir - move target, f/p - two-headed ogre
Aim: a two-headed ogre, wielding a +0 giant spiked club and a +0 giant club (lightly wounded, 95% to hit)
You charge forward with an electric crackle!
You barely miss the two-headed ogre.
The two-headed ogre is lightly wounded.
The two-headed ogre hits you with a +0 giant spiked club!!
Ouch! That really hurt!
* * * LOW HITPOINT WARNING * * *
The two-headed ogre hits you with a +0 giant club!
You die...

#.# #......##### #.#
#......#... #.# #......#.#
#####.##### ##.....#.#
#.........# #.....#.#
#.#####.#§# ########.#
#.......#§# #........#
#########§# #)########
#.......#@###.......##..
#.#####.#O##.........#..
###.....)..).))........'..
#.........####....)....#
#.###.##..# ##......>##
#.# #.###.# ##.....## #.#
#.# #.# ##...## #.# #.#
#.# ##'### #.# #.# #.#
#...#


You could see a two-headed ogre.

Vanquished Creatures
  Pikel (D:7)
  Sigmund (D:2)
  A wyvern (D:9)
  The ghost of hawla the Firebug, an amateur MeFE (D:4)
  3 orc warriors
  2 sky beasts
  2 ice beasts
  A black bear (D:6)
  A kobold brigand (D:9)
  4 lemures (D:6)
  A phantom (D:6)
  2 scorpions
  A wight (D:8)
  A howler monkey (D:6)
  4 orc priests
  6 hounds
  A sleepcap (D:7)
  3 iguanas
  8 orc wizards
  Robin (D:2)
  3 gnolls (D:6)
  7 adders
  A white imp (D:5)
  A worm (D:4)
  2 dart slugs
  20 orcs
  3 ball pythons
  3 endoplasms (D:3)
  4 giant cockroaches
  15 goblins
  10 hobgoblins
  18 kobolds
  2 quokkas (D:2)
  4 bats
  4 frilled lizards
  3 rats
145 creatures vanquished.

Vanquished Creatures (others)
  A kobold (D:7)
1 creature vanquished.

Grand Total: 146 creatures vanquished

Notes
Turn   | Place    | Note
-------+----------+-------------------------------------------
     0 | D:1      | kingsuperguy the Spriggan Warper began the quest for the
                  | Orb.
     0 | D:1      | Reached XP level 1. HP: 10/10 MP: 5/5
   145 | D:1      | Found Cuch's Armour Emporium.
   508 | D:1      | Reached skill level 1 in Stealth
   508 | D:1      | Reached XP level 2. HP: 11/15 MP: 6/6
   928 | D:2      | Reached skill level 5 in Translocations
   970 | D:2      | Noticed Sigmund
  1016 | D:2      | Reached XP level 3. HP: 15/18 MP: 8/8
  1061 | D:2      | Noticed Robin
  1235 | D:3      | Reached XP level 4. HP: 9/23 MP: 9/9
  1594 | D:3      | Found a shadowy altar of Dithmenos.
  1594 | D:3      | Found a radiant altar of Vehumet.
  1594 | D:3      | Found a stormy altar of Qazlal.
  1800 | D:3      | Became a worshipper of Vehumet
  2057 | D:4      | Reached XP level 5. HP: 18/27 MP: 10/10
  2379 | D:4      | Found a runed translucent gate.
  2379 | D:4      | Found a runed translucent gate.
  2379 | D:4      | Found a runed translucent gate.
  2379 | D:4      | Noticed hawla's ghost (amateur MeFE)
  2636 | D:5      | Entered Level 5 of the Dungeon
  2727 | D:5      | Found Huebbemu's Distillery.
  2938 | D:5      | Bought a potion of mutation for 112 gold pieces
  2938 | D:5      | Bought a potion of heal wounds for 70 gold pieces
  2938 | D:5      | Gained mutation: Your spells are a little harder to cast,
                  | but a little more powerful. [potion of mutation]
  2938 | D:5      | Lost mutation: Your spells are a little harder to cast, but
                  | a little more powerful. [potion of mutation]
  2938 | D:5      | Gained mutation: You have a pair of small horns on your
                  | head. [potion of mutation]
  2939 | D:5      | Lost mutation: You have a pair of small horns on your head.
                  | [potion of mutation]
  2939 | D:5      | Gained mutation: You are somewhat resistant to further
                  | mutation. [potion of mutation]
  2939 | D:5      | Gained mutation: Your muscles are strong. (Str +4, Int/Dex
                  | -1) [potion of mutation]
  2939 | D:5      | Gained mutation: Your spells are a little harder to cast,
                  | but a little more powerful. [potion of mutation]
  2940 | D:5      | Lost mutation: Your spells are a little harder to cast, but
                  | a little more powerful. [potion of mutation]
  2940 | D:5      | Lost mutation: You are somewhat resistant to further
                  | mutation. [potion of mutation]
  2940 | D:5      | Gained mutation: You are clumsy. (Dex -2) [potion of
                  | mutation]
  3210 | D:5      | Reached XP level 6. HP: 31/32 MP: 11/11
  3709 | D:7      | Noticed an ice beast
  3718 | D:7      | Reached skill level 5 in Stealth
  3833 | D:7      | Noticed an orc warrior
  3833 | D:7      | Noticed a sky beast
  3980 | D:6      | Found Tamev's General Store.
  3987 | D:6      | Reached * piety under Vehumet
  3987 | D:6      | Offered knowledge of Freeze by Vehumet.
  3989 | D:6      | Noticed an orc warrior
  4019 | D:6      | Reached skill level 5 in Short Blades
  4019 | D:6      | Reached XP level 7. HP: 20/36 MP: 12/12
  4089 | D:5      | Learned a level 1 spell: Freeze
  4092 | D:5      | Learned a level 2 spell: Blink
  4096 | D:5      | Learned a level 3 spell: Teleport Other
  4179 | D:6      | Reached skill level 5 in Dodging
  4507 | D:6      | Reached skill level 1 in Shields
  4512 | D:6      | Bought a scroll of enchant weapon for 82 gold pieces
  5013 | D:6      | Reached XP level 8. HP: 31/42 MP: 13/13
  5612 | D:4      | Killed hawla's ghost
  5708 | D:2      | Killed Sigmund
  5715 | D:2      | Killed Robin
  5759 | D:2      | Offered knowledge of Sandblast by Vehumet.
  5844 | D:2      | Reached ** piety under Vehumet
  5960 | D:2      | Found a faded altar of an unknown god.
  6193 | D:7      | Noticed an ogre mage
  6234 | D:8      | Found a broken altar of Ashenzari.
  6283 | D:8      | Identified the +0 pair of gloves of the Barnacle {Harm
                  | Rampage +Inv Int-5}
  6642 | D:7      | Noticed Maggie
  6829 | D:7      | Noticed an unseen horror
  6862 | D:7      | Found a transporter.
  6862 | D:7      | Found a transporter.
  6868 | D:7      | Noticed Pikel
  7112 | D:7      | Killed Pikel
  7113 | D:7      | Reached XP level 9. HP: 25/46 MP: 13/15
  7999 | D:9      | Offered knowledge of Ignite Poison by Vehumet.
  8103 | D:9      | Noticed a two-headed ogre
  8141 | D:9      | Learned a level 3 spell: Vhi's Electric Charge
  8268 | D:9      | Mangled by a two-headed ogre

Illustrated notes

Levels and vault maps discovered:
D:1:      lordsloth_arrival_two_stooges, layout_basic, serial_shops, shop
D:2:      layout_basic, nicolae_ecumenical_lake_church, uniq_robin, uniq_sigmund
D:3:      layout_basic, gammafunk_temple_overflow_claw, minmay_vboxes
D:4:      layout_rooms, ebering_ghost_rock_garden, minmay_door_square
D:5:      layout_basic, serial_shops, nicolae_shop_industrial_runoff,
          item_on_display_a
D:6:      layout_rooms, serial_shops, shop, kennysheep_generic_room_14
D:7:      gammafunk_beogh_shrine, layout_gridville, general_overflow_altar,
          minmay_temple_entry_proselytizer, fountainhead, minmay_puff,
          uniq_maggie, uniq_pikel
D:8:      layout_cave_pools, ashenzari_altar_1, zin_academy
D:9:      layout_loops_corners, serial_co_window_serial, co_window_corner_a,
          co_window_corner_a, co_window_paths_a, co_window_paths_b,
          co_window_of_opportunity_a, co_window_corner_b,
          co_window_of_opportunity_b, co_window_2corner, co_window_broadway_c,
          co_window_broadway_a, co_window_broadway_c, co_window_broadway_c,
          co_window_4corner_a, glass_columns_a, glass_columns_a,
          glass_columns_a, glass_columns_c

Skill      XL: |  1  2  3  4  5  6  7  8  9 |
---------------+----------------------------+-----
Fighting       | 2 3 4 |  4.9
Stealth        | 1 2 3 4 5 6 8 |  8.4
Translocations | 5 6 |  6.1
Short Blades   | 3 4 5 6 7 |  7.8
Dodging        | 4 6 7 8 |  8.2
Shields        | 1 2 |  2.4
Spellcasting   | 3 |  3.6
Throwing       | |  1.5

Action                     |  1- 3 |  4- 6 |  7- 9 || total
---------------------------+-------+-------+-------++-------
  Melee: Short sword       |    82 |       |       ||    82
         Dagger            |    24 |   149 |   335 ||   508
         Punch             |       |     1 |     3 ||     4
  Throw: Boomerang         |       |       |     5 ||     5
   Cast: Blink             |       |       |     3 ||     3
         Vhi's Electric Ch |       |       |     4 ||     4
         Teleport Other    |       |       |     2 ||     2
    Use: Potion            |       |     3 |     1 ||     4
   Stab: Sleeping          |     5 |     5 |     5 ||    15
         Distracted        |       |     1 |     3 ||     4
 Armour: Robe              |    15 |    13 |    24 ||    52
  Dodge: Dodged            |    72 |    92 |   201 ||   365
  Block: Other             |       |     6 |    56 ||    62
         Reflection        |       |       |     8 ||     8
